PUB
PUERTO RICO HURRICANES @ ST. LOUIS TERRIERS
08/24/1972
 
TOP OF THE 1ST
Puerto Rico Hurricanes batting - Pitching for St. Louis Terriers : RHP Donald Wilson
Pitching: RHP Donald Wilson
Batting: RHB Alfonso Santana 0-0: Foul Ball, location: 2F
0-1: Swinging Strike
0-2: Ball
1-2: Strikes out swinging
Batting: RHB Rintaro Kichida 0-0: Ball
1-0: Ball
2-0: Called Strike
2-1: Swinging Strike
2-2: Ground out 5-3 (Groundball, 56, EV 85.6 MPH)
Batting: LHB Andrej Eenkhoorn 0-0: Called Strike
0-1: Ball
1-1: Called Strike
1-2: Strikes out looking
Top of the 1st over - 0 runs, 0 hits, 0 errors, 0 left on base; Puerto Rico 0 - St. Louis 0
BOTTOM OF THE 1ST
St. Louis Terriers batting - Pitching for Puerto Rico Hurricanes : RHP Jesús Ramos
Pitching: RHP Jesús Ramos
Batting: RHB Tommy Davis 0-0: Called Strike
0-1: Called Strike
0-2: Ball
1-2: Strikes out swinging
Batting: LHB Santiago Sosa 0-0: Foul Ball, location: 3F
0-1: Foul Ball, location: 7LDF
0-2: Ball
1-2: Foul Ball, location: 7LDF
1-2: Foul Ball, location: 3DF
1-2: Ball
2-2: Fly out, F7 (Flyball, 7S, EV 91.3 MPH)
Batting: RHB Millard Pérez 0-0: Swinging Strike
0-1: Fly out, F9 (Flyball, 9, EV 86.9 MPH)
Bottom of the 1st over - 0 runs, 0 hits, 0 errors, 0 left on base; Puerto Rico 0 - St. Louis 0
TOP OF THE 2ND
Puerto Rico Hurricanes batting - Pitching for St. Louis Terriers : RHP Donald Wilson
Batting: LHB Greg Shoemaker 0-0: Ball
1-0: Foul Ball, location: 7LDF
1-1: Ball
2-1: Swinging Strike
2-2: Ground out 4-3 (Groundball, 4, EV 81.9 MPH)
Batting: RHB Haywood Andrews 0-0: Ball
1-0: Called Strike
1-1: DOUBLE (Line Drive, 8RXD, EV 105.6 MPH)
Batting: LHB Yoshitaka Kouda 0-0: Ball
1-0: Called Strike
1-1: Ball
2-1: Ball
3-1: Foul Ball, location: 2F
3-2: Base on Balls
Batting: RHB Woody Frazier 0-0: Called Strike
0-1: Ball
1-1: Called Strike
1-2: Foul Ball, location: 2F
1-2: Foul Ball, location: 9LSF
1-2: SINGLE (Line Drive, 34D, EV 99.4 MPH)
Haywood Andrews to third
Yoshitaka Kouda to second
Runner from 3rd tries for Home, SAFE, throw by RF to home
Batting: SHB Armando Jiménez 0-0: Ball
1-0: Foul Ball, location: 3F
1-1: Swinging Strike
1-2: Strikes out swinging
Batting: RHB Jesús Ramos 0-0: Swinging Strike
0-1: Called Strike
0-2: Strikes out swinging
Top of the 2nd over - 1 run, 2 hits, 0 errors, 2 left on base; Puerto Rico 1 - St. Louis 0
BOTTOM OF THE 2ND
St. Louis Terriers batting - Pitching for Puerto Rico Hurricanes : RHP Jesús Ramos
Batting: LHB Màximo Carregueiro 0-0: Ball
1-0: Called Strike
1-1: Foul Ball, location: 5DF
1-2: Strikes out looking
Batting: RHB Brandon Carr 0-0: Ball
1-0: Ball
2-0: Ball
3-0: Ground out 6-3 (Groundball, 6, EV 81.3 MPH)
Batting: LHB Armando Robles 0-0: Ball
1-0: Ball
2-0: SINGLE (Groundball, 34D, EV 95.6 MPH)
Batting: RHB Emílio Durán 0-0: Foul Ball, location: 3FF
0-1: Swinging Strike
0-2: Fly out, F7 (Flyball, 7, EV 91.3 MPH)
Bottom of the 2nd over - 0 runs, 1 hit, 0 errors, 1 left on base; Puerto Rico 1 - St. Louis 0
TOP OF THE 3RD
Puerto Rico Hurricanes batting - Pitching for St. Louis Terriers : RHP Donald Wilson
Batting: RHB Alfonso Santana 0-0: Ball
1-0: Called Strike
1-1: Foul Ball, location: 2F
1-2: Strikes out swinging
Batting: RHB Rintaro Kichida 0-0: DOUBLE (Line Drive, 78D, EV 105.0 MPH)
Batting: LHB Andrej Eenkhoorn 0-0: Called Strike
0-1: Foul Ball, location: 7LMF
0-2: Fly out, F3 (Popup, 3SF, EV 76.3 MPH)
Batting: LHB Greg Shoemaker 0-0: Called Strike
0-1: Foul Ball, location: 5F
0-2: Ball
1-2: Strikes out looking
Top of the 3rd over - 0 runs, 1 hit, 0 errors, 1 left on base; Puerto Rico 1 - St. Louis 0
BOTTOM OF THE 3RD
St. Louis Terriers batting - Pitching for Puerto Rico Hurricanes : RHP Jesús Ramos
Batting: LHB José Santos 0-0: Ball
1-0: Called Strike
1-1: Ball
2-1: Foul Ball, location: 2LF
2-2: Foul Ball, location: 2F
2-2: Ball
3-2: Strikes out swinging
Batting: RHB Donald Wilson 0-0: Called Strike
0-1: Fly out, F9 (Flyball, 9S, EV 91.3 MPH)
Batting: RHB Tommy Davis 0-0: Called Strike
0-1: Called Strike
0-2: Fly out, F7 (Flyball, 7D, EV 95.0 MPH)
Bottom of the 3rd over - 0 runs, 0 hits, 0 errors, 0 left on base; Puerto Rico 1 - St. Louis 0
TOP OF THE 4TH
Puerto Rico Hurricanes batting - Pitching for St. Louis Terriers : RHP Donald Wilson
Batting: RHB Haywood Andrews 0-0: Ball
1-0: Foul Ball, location: 5F
1-1: Called Strike
1-2: Ball
2-2: Ball
3-2: Foul Ball, location: 2F
3-2: Ground out 5-3 (Groundball, 5L, EV 98.1 MPH)
Batting: LHB Yoshitaka Kouda 0-0: Called Strike
0-1: Ball
1-1: Ball
2-1: Ball
3-1: Base on Balls
Batting: RHB Woody Frazier 0-0: Ball
1-0: SINGLE (Line Drive, 34D, EV 97.5 MPH)
Yoshitaka Kouda to second
Runner from 2nd tries for 3rd, SAFE, throw by RF made to third
Batting: SHB Armando Jiménez 0-0: Grounds into double play, 4-6-3 (Groundball, 4, EV 80.6 MPH)
Top of the 4th over - 0 runs, 1 hit, 0 errors, 1 left on base; Puerto Rico 1 - St. Louis 0
BOTTOM OF THE 4TH
St. Louis Terriers batting - Pitching for Puerto Rico Hurricanes : RHP Jesús Ramos
Batting: LHB Santiago Sosa 0-0: Called Strike
0-1: Called Strike
0-2: Foul Ball, location: 2F
0-2: Ball
1-2: Ball
2-2: Ball
3-2: SINGLE (Flyball, 56D, EV 92.5 MPH)
Batting: RHB Millard Pérez 0-0: Called Strike
Santiago Sosa is caught stealing 2nd base 2-4
0-1: Called Strike
0-2: Ball
1-2: Ball
2-2: Ball
3-2: DOUBLE (Flyball, 8RXD, EV 111.9 MPH)
Batting: LHB Màximo Carregueiro 0-0: Ball
Balk!
Millard Pérez to third
1-0: Foul Ball, location: 5DF
1-1: Foul Ball, location: 2F
1-2: Foul Ball, location: 23F
1-2: Strikes out looking
Batting: RHB Brandon Carr 0-0: Ball
1-0: 2-RUN HOME RUN (Flyball, 89XD, EV 106.9 MPH), Distance : 426 ft
Batting: LHB Armando Robles 0-0: Swinging Strike
0-1: Ball
1-1: Hit by Pitch
Batting: RHB Emílio Durán 0-0: Ball
1-0: SINGLE (Line Drive, 4MD, EV 96.3 MPH)
Armando Robles to second
Batting: LHB José Santos 0-0: Swinging Strike
0-1: DOUBLE (Line Drive, 78M, EV 95.0 MPH)
Armando Robles scores
Emílio Durán to third
Runner from 3rd tries for Home, SAFE, no throw by CF
Batting: RHB Donald Wilson 0-0: Ball
1-0: Foul Ball, location: 9LMF
1-1: Called Strike
1-2: Strikes out swinging
Bottom of the 4th over - 4 runs, 5 hits, 0 errors, 1 left on base; Puerto Rico 1 - St. Louis 4
TOP OF THE 5TH
Puerto Rico Hurricanes batting - Pitching for St. Louis Terriers : RHP Donald Wilson
Batting: RHB Jesús Ramos 0-0: Ball
1-0: Foul Ball, location: 2F
1-1: Swinging Strike
1-2: Foul Ball, location: 9LDF
1-2: Strikes out swinging
Batting: RHB Alfonso Santana 0-0: Ball
1-0: Swinging Strike
1-1: Called Strike
1-2: Ball
2-2: Ground out 6-3 (Groundball, 6, EV 80.0 MPH)
Batting: RHB Rintaro Kichida 0-0: Foul Ball, location: 2F
0-1: Foul Ball, location: 25F
0-2: SINGLE (Groundball, 25, EV 65.0 MPH) (infield hit)
Batting: LHB Andrej Eenkhoorn 0-0: Called Strike
0-1: Foul Ball, location: 2F
0-2: Ball
1-2: Strikes out looking
Top of the 5th over - 0 runs, 1 hit, 0 errors, 1 left on base; Puerto Rico 1 - St. Louis 4
BOTTOM OF THE 5TH
St. Louis Terriers batting - Pitching for Puerto Rico Hurricanes : RHP Jesús Ramos
Batting: RHB Tommy Davis 0-0: SINGLE (Line Drive, 5D, EV 96.9 MPH)
Batting: LHB Santiago Sosa 0-0: Ball
1-0: Ball
2-0: Ball
3-0: 2-RUN HOME RUN (Flyball, 8LXD, EV 94.4 MPH) (Inside the Park)
Pitching: LHP Toby Doyle
Batting: RHB Millard Pérez 0-0: Ball
1-0: Called Strike
1-1: Ground out 5-3 (Groundball, 5, EV 85.6 MPH)
Batting: LHB Màximo Carregueiro 0-0: Called Strike
0-1: Ball
1-1: Ground out 4-3 (Groundball, 34D, EV 98.1 MPH)
Batting: RHB Brandon Carr 0-0: Swinging Strike
0-1: Called Strike
0-2: Strikes out swinging
Bottom of the 5th over - 2 runs, 2 hits, 0 errors, 0 left on base; Puerto Rico 1 - St. Louis 6
TOP OF THE 6TH
Puerto Rico Hurricanes batting - Pitching for St. Louis Terriers : RHP Donald Wilson
Batting: LHB Greg Shoemaker 0-0: Ball
1-0: Ball
2-0: Ball
3-0: Base on Balls
Batting: RHB Haywood Andrews 0-0: Swinging Strike
0-1: Ball
1-1: Foul Ball, location: 25F
1-2: Fly out, F8 (Flyball, 8RD, EV 100.6 MPH)
Batting: LHB Yoshitaka Kouda 0-0: Called Strike
0-1: Foul Ball, location: 2F
0-2: Strikes out swinging
Batting: RHB Woody Frazier 0-0: Ball
1-0: Ball
2-0: SINGLE (Line Drive, 8RS, EV 110.0 MPH)
Greg Shoemaker to second
Batting: SHB Armando Jiménez 0-0: Ball
1-0: Called Strike
1-1: Ball
2-1: Fly out, F8 (Flyball, 8LM, EV 86.9 MPH)
Top of the 6th over - 0 runs, 1 hit, 0 errors, 2 left on base; Puerto Rico 1 - St. Louis 6
BOTTOM OF THE 6TH
St. Louis Terriers batting - Pitching for Puerto Rico Hurricanes : LHP Toby Doyle
Batting: LHB Armando Robles 0-0: Called Strike
0-1: Swinging Strike
0-2: Ball
1-2: Foul Ball, location: 25F
1-2: Ball
2-2: SINGLE (Groundball, 34D, EV 98.8 MPH)
Batting: RHB Emílio Durán 0-0: Ball
1-0: Called Strike
1-1: Ball
2-1: Ball
3-1: Foul Ball, location: 2F
3-2: Strikes out looking
Batting: LHB José Santos 0-0: Ball
1-0: Ball
2-0: Called Strike
2-1: Foul Ball, location: 7LDF
2-2: Ball
3-2: Strikes out looking
Batting: RHB Donald Wilson 0-0: Fly out, F7 (Flyball, 7, EV 83.1 MPH)
Bottom of the 6th over - 0 runs, 1 hit, 0 errors, 1 left on base; Puerto Rico 1 - St. Louis 6
TOP OF THE 7TH
Puerto Rico Hurricanes batting - Pitching for St. Louis Terriers : RHP Donald Wilson
Pinch Hitting: SHB Miguel Carrasco 0-0: Ground out U3 (Groundball, 34S, EV 81.9 MPH)
Batting: RHB Alfonso Santana 0-0: Ball
1-0: Foul Ball, location: 5F
1-1: DOUBLE (Line Drive, 8RXD, EV 104.4 MPH)
Batting: RHB Rintaro Kichida 0-0: Ball
1-0: Ball
2-0: Ground out 6-3 (Groundball, 6, EV 106.9 MPH)
Alfonso Santana to third
Batting: LHB Andrej Eenkhoorn 0-0: Ball
1-0: Foul Ball, location: 2F
1-1: Swinging Strike
1-2: Ball
2-2: Ball
3-2: Base on Balls
Batting: LHB Greg Shoemaker 0-0: Ball
1-0: 3-RUN HOME RUN (Flyball, 9D, EV 99.4 MPH), Distance : 393 ft
Pitching: RHP Chris Chappell
Batting: RHB Haywood Andrews 0-0: Foul Ball, location: 9LMF
0-1: Swinging Strike
0-2: Ball
1-2: Ball
2-2: Foul Ball, location: 7LSF
2-2: Strikes out swinging
Top of the 7th over - 3 runs, 2 hits, 0 errors, 0 left on base; Puerto Rico 4 - St. Louis 6
BOTTOM OF THE 7TH
St. Louis Terriers batting - Pitching for Puerto Rico Hurricanes : LHP Toby Doyle
Pitching: RHP Gary Nolan
Batting: RHB Tommy Davis 0-0: Foul Ball, location: 9LMF
0-1: Foul Ball, location: 25FF
0-2: Foul Ball, location: 7LDF
0-2: Foul Ball, location: 2F
0-2: Ball
1-2: Strikes out swinging
Batting: LHB Santiago Sosa 0-0: Ball
1-0: Ball
2-0: Called Strike
2-1: Foul Ball, location: 2F
2-2: Foul Ball, location: 5SF
2-2: Ball
3-2: Base on Balls
Batting: RHB Millard Pérez 0-0: Called Strike
0-1: Ball
1-1: Ball
Santiago Sosa steals 2nd base
2-1: Swinging Strike
2-2: Fly out, F9 (Flyball, 89D, EV 99.4 MPH)
Batting: LHB Màximo Carregueiro 0-0: Swinging Strike
0-1: Called Strike
0-2: Foul Ball, location: 2F
0-2: Foul Ball, location: 2F
0-2: Strikes out swinging
Bottom of the 7th over - 0 runs, 0 hits, 0 errors, 1 left on base; Puerto Rico 4 - St. Louis 6
TOP OF THE 8TH
Puerto Rico Hurricanes batting - Pitching for St. Louis Terriers : RHP Chris Chappell
Batting: LHB Yoshitaka Kouda 0-0: Called Strike
0-1: Ball
1-1: Swinging Strike
1-2: SOLO HOME RUN (Flyball, 7LD, EV 94.4 MPH), Distance : 384 ft
Batting: RHB Woody Frazier 0-0: Ball
1-0: Foul Ball, location: 5F
1-1: SINGLE (Groundball, 34D, EV 106.3 MPH)
Batting: SHB Armando Jiménez 0-0: Called Strike
0-1: Ball
1-1: Ball
2-1: SINGLE (Groundball, 34D, EV 106.3 MPH)
Woody Frazier to second
Runner from 2nd tries for 3rd, SAFE, throw by RF made to third
Pinch Hitting: LHB Terry Zimmerman 0-0: Ball
1-0: Foul Ball, location: 2F
1-1: Swinging Strike
1-2: Strikes out looking
Batting: RHB Alfonso Santana 0-0: Called Strike
0-1: Swinging Strike
0-2: Ball
1-2: Foul Ball, location: 25F
1-2: Foul Ball, location: 2F
1-2: Foul Ball, location: 2F
1-2: Ball
2-2: Ball
3-2: SINGLE (Line Drive, 7S, EV 108.1 MPH)
Woody Frazier scores
Armando Jiménez to second
Pinch Hitting: SHB Ted Simmons 0-0: Ball
1-0: Called Strike
1-1: Foul Ball, location: 7LMF
1-2: Grounds into double play, 6-4-3 (Groundball, 6, EV 88.1 MPH)
Top of the 8th over - 2 runs, 4 hits, 0 errors, 1 left on base; Puerto Rico 6 - St. Louis 6
BOTTOM OF THE 8TH
St. Louis Terriers batting - Pitching for Puerto Rico Hurricanes : RHP Gary Nolan
Pitching: RHP Gabriel Hockin
Now in CF: Koyo Yamamoto
Batting: RHB Brandon Carr 0-0: Swinging Strike
0-1: Ball
1-1: Ball
2-1: Foul Ball, location: 2F
2-2: SINGLE (Flyball, 8RS, EV 98.1 MPH)
Batting: LHB Armando Robles 0-0: Ball
1-0: Called Strike
Brandon Carr steals 2nd base
1-1: Intentional Walk
Pinch Hitting: SHB Roy White 0-0: Ball
1-0: Called Strike
1-1: Foul Ball, location: 5DF
1-2: Ball
2-2: Ball
3-2: Foul Ball, location: 7LSF
3-2: Fielders Choice at 2nd, 4-6 (Groundball, 4, EV 84.4 MPH)
Brandon Carr to third
Batting: LHB José Santos 0-0: Ball
Roy White is caught stealing 2nd base 2-6
1-0: Called Strike
1-1: Fly out, F6 (Line Drive, 6, EV 70.0 MPH)
Bottom of the 8th over - 0 runs, 1 hit, 0 errors, 1 left on base; Puerto Rico 6 - St. Louis 6
TOP OF THE 9TH
Puerto Rico Hurricanes batting - Pitching for St. Louis Terriers : RHP Chris Chappell
Now at 3B: Edward Cobb
Batting: LHB Andrej Eenkhoorn 0-0: Called Strike
0-1: Ball
1-1: Swinging Strike
1-2: Ball
2-2: Foul Ball, location: 9LMFF
2-2: Ball
3-2: Hit by Pitch
Pitching: RHP Denny McLain
Batting: LHB Greg Shoemaker 0-0: Ball
1-0: Ball
2-0: Foul Ball, location: 7LSF
2-1: Ball
3-1: Foul Ball, location: 5F
3-2: Foul Ball, location: 7LMF
3-2: Strikes out looking
Batting: RHB Haywood Andrews 0-0: Grounds into double play, 5-4-3 (Groundball, 56, EV 106.9 MPH)
Top of the 9th over - 0 runs, 0 hits, 0 errors, 0 left on base; Puerto Rico 6 - St. Louis 6
BOTTOM OF THE 9TH
St. Louis Terriers batting - Pitching for Puerto Rico Hurricanes : RHP Gabriel Hockin
Pinch Hitting: RHB Michael Nix 0-0: Foul Ball, location: 23F
0-1: Foul Ball, location: 3F
0-2: Foul Ball, location: 2F
0-2: Foul Ball, location: 2F
0-2: Fly out, F4 (Popup, 23, EV 88.1 MPH)
Batting: RHB Tommy Davis 0-0: Ball
1-0: Fly out, F7 (Line Drive, 78D, EV 92.5 MPH)
Batting: LHB Santiago Sosa 0-0: Called Strike
0-1: Called Strike
0-2: Ball
1-2: Ball
2-2: Foul Ball, location: 2F
2-2: Ball
3-2: Base on Balls
Batting: RHB Millard Pérez 0-0: Ball
1-0: Ball
2-0: Called Strike
2-1: Fly out, F8 (Flyball, 8RM, EV 90.6 MPH)
Bottom of the 9th over - 0 runs, 0 hits, 0 errors, 1 left on base; Puerto Rico 6 - St. Louis 6
TOP OF THE 10TH
Puerto Rico Hurricanes batting - Pitching for St. Louis Terriers : RHP Denny McLain
Pitching: LHP Paco Ruíz
Batting: LHB Yoshitaka Kouda 0-0: Ball
1-0: Foul Ball, location: 2F
1-1: Ball
2-1: Ball
3-1: Swinging Strike
3-2: Base on Balls
Batting: RHB Woody Frazier 0-0: Bunted foul
0-1: Ball
1-1: Bunted foul
1-2: Fielders Choice at 2nd, 6-4 (Groundball, 6M, EV 101.9 MPH)
Batting: SHB Armando Jiménez 0-0: Swinging Strike
0-1: Ball
1-1: Ball
2-1: Foul Ball, location: 2F
2-2: Strikes out swinging
Batting: LHB Koyo Yamamoto 0-0: Called Strike
0-1: Ball
1-1: Swinging Strike
1-2: Foul Ball, location: 2F
1-2: Ball
2-2: Strikes out swinging
Top of the 10th over - 0 runs, 0 hits, 0 errors, 1 left on base; Puerto Rico 6 - St. Louis 6
BOTTOM OF THE 10TH
St. Louis Terriers batting - Pitching for Puerto Rico Hurricanes : RHP Gabriel Hockin
Batting: LHB Màximo Carregueiro 0-0: Ball
1-0: Foul Ball, location: 2F
1-1: Ball
2-1: Swinging Strike
2-2: Strikes out swinging
Pinch Hitting: LHB Kevin Dawson 0-0: Ground out 5-3 (Groundball, 56S, EV 86.9 MPH)
Batting: LHB Armando Robles 0-0: Called Strike
0-1: Called Strike
0-2: Strikes out swinging
Bottom of the 10th over - 0 runs, 0 hits, 0 errors, 0 left on base; Puerto Rico 6 - St. Louis 6
TOP OF THE 11TH
Puerto Rico Hurricanes batting - Pitching for St. Louis Terriers : LHP Paco Ruíz
Now at C: Kevin Dawson
Batting: RHB Alfonso Santana 0-0: Ball
1-0: Ball
2-0: Swinging Strike
2-1: Ball
3-1: Base on Balls
Batting: RHB Gabriel Hockin 0-0: Ball
1-0: Bunted foul
1-1: Bunted foul
1-2: Bunt missed, Strikeout!
Batting: LHB Andrej Eenkhoorn 0-0: Ball
1-0: Foul Ball, location: 3DF
1-1: Foul Ball, location: 2F
1-2: Ball
2-2: Foul Ball, location: 3F
2-2: Strikes out looking
Batting: LHB Greg Shoemaker 0-0: Swinging Strike
0-1: Ball
1-1: Foul Ball, location: 23F
1-2: Ball
2-2: Ball
3-2: Fly out, F9 (Flyball, 9, EV 91.9 MPH)
Top of the 11th over - 0 runs, 0 hits, 0 errors, 1 left on base; Puerto Rico 6 - St. Louis 6
BOTTOM OF THE 11TH
St. Louis Terriers batting - Pitching for Puerto Rico Hurricanes : RHP Gabriel Hockin
Pitching: LHP Daron Tomblin
Batting: SHB Edward Cobb 0-0: Ground out 4-3 (Groundball, 4, EV 100.0 MPH)
Batting: LHB José Santos 0-0: Ground out 6-3 (Groundball, 6M, EV 97.5 MPH)
Batting: LHB Paco Ruíz 0-0: Called Strike
0-1: Ball
1-1: Ball
2-1: Called Strike
2-2: Ball
3-2: Foul Ball, location: 7LMF
3-2: Foul Ball, location: 2F
3-2: Foul Ball, location: 7LDF
3-2: Strikes out swinging
Bottom of the 11th over - 0 runs, 0 hits, 0 errors, 0 left on base; Puerto Rico 6 - St. Louis 6
TOP OF THE 12TH
Puerto Rico Hurricanes batting - Pitching for St. Louis Terriers : LHP Paco Ruíz
Batting: RHB Haywood Andrews 0-0: Called Strike
0-1: Ball
1-1: Foul Ball, location: 2F
1-2: Strikes out swinging
Batting: LHB Yoshitaka Kouda 0-0: Swinging Strike
0-1: Ball
1-1: Ball
2-1: Ball
3-1: Called Strike
3-2: Strikes out swinging
Batting: RHB Woody Frazier 0-0: Ball
1-0: Ball
2-0: Swinging Strike
2-1: Ball
3-1: Ground out 5-3 (Groundball, 5, EV 80.6 MPH)
Top of the 12th over - 0 runs, 0 hits, 0 errors, 0 left on base; Puerto Rico 6 - St. Louis 6
BOTTOM OF THE 12TH
St. Louis Terriers batting - Pitching for Puerto Rico Hurricanes : LHP Daron Tomblin
Batting: RHB Tommy Davis 0-0: Called Strike
0-1: Swinging Strike
0-2: Ball
1-2: Foul Ball, location: 2F
1-2: Foul Ball, location: 23F
1-2: Ball
2-2: Strikes out looking
Batting: LHB Santiago Sosa 0-0: Ball
1-0: Ball
2-0: Called Strike
2-1: Called Strike
2-2: Ball
3-2: Base on Balls
Batting: RHB Millard Pérez 0-0: Called Strike
Santiago Sosa is caught stealing 2nd base 2-4
0-1: Foul Ball, location: 3FF
0-2: Ball
1-2: SINGLE (Line Drive, 8RS, EV 108.8 MPH)
Batting: LHB Màximo Carregueiro 0-0: Foul Ball, location: 5F
0-1: Swinging Strike
0-2: Foul Ball, location: 2F
0-2: Ball
1-2: Strikes out swinging
Bottom of the 12th over - 0 runs, 1 hit, 0 errors, 1 left on base; Puerto Rico 6 - St. Louis 6
TOP OF THE 13TH
Puerto Rico Hurricanes batting - Pitching for St. Louis Terriers : LHP Paco Ruíz
Batting: SHB Armando Jiménez 0-0: Foul Ball, location: 9LDF
0-1: Ball
1-1: Foul Ball, location: 9LMF
1-2: Foul Ball, location: 2F
1-2: Ball
2-2: Ball
3-2: Foul Ball, location: 9LDF
3-2: Foul Ball, location: 25FF
3-2: Foul Ball, location: 5FF
3-2: Base on Balls
Pitching: RHP Theron Graham
Batting: LHB Koyo Yamamoto 0-0: Sac Bunt to 2L - play at first, batter OUT! 2-3
Armando Jiménez to second
Batting: RHB Alfonso Santana 0-0: Ball
1-0: Ball
2-0: DOUBLE (Line Drive, 7LS, EV 95.6 MPH)
Armando Jiménez scores
Batting: LHB Daron Tomblin 0-0: Ball
1-0: Ball
Alfonso Santana steals 3rd base
2-0: Fly out, F5 (Popup, 56S, EV 81.3 MPH)
Batting: LHB Andrej Eenkhoorn 0-0: Called Strike
0-1: Ball
1-1: Ball
2-1: Ball
3-1: Swinging Strike
3-2: Base on Balls
Batting: LHB Greg Shoemaker 0-0: Swinging Strike
0-1: Swinging Strike
0-2: Strikes out swinging
Top of the 13th over - 1 run, 1 hit, 0 errors, 2 left on base; Puerto Rico 7 - St. Louis 6
BOTTOM OF THE 13TH
St. Louis Terriers batting - Pitching for Puerto Rico Hurricanes : LHP Daron Tomblin
Batting: LHB Kevin Dawson 0-0: Called Strike
0-1: Foul Ball, location: 3FF
0-2: Ball
1-2: Ball
2-2: Foul Ball, location: 9LDF
2-2: Ball
3-2: Strikes out swinging
Batting: LHB Armando Robles 0-0: Called Strike
0-1: Ball
1-1: Ball
2-1: Ball
3-1: Ground out 1-3 (Groundball, 13S, EV 73.1 MPH)
Batting: SHB Edward Cobb 0-0: Ball
1-0: Called Strike
1-1: Ball
2-1: Ball
3-1: Called Strike
3-2: Foul Ball, location: 25FF
3-2: Foul Ball, location: 9LMF
3-2: Foul Ball, location: 23FF
3-2: Base on Balls
Pitching: LHP Jake Robinson
Batting: LHB José Santos 0-0: Foul Ball, location: 3F
0-1: Ball
1-1: Fly out, F8 (Line Drive, 8RD, EV 80.6 MPH)
Bottom of the 13th over - 0 runs, 0 hits, 0 errors, 1 left on base; Puerto Rico 7 - St. Louis 6
Friday, April 26th , 2024 - OOTP Baseball 24.8 Build 75